[ AOE2 MATCH · #504698765 ]
UnrankedBritons vs Gurjaras
Player's team · LOSS
Rival team · WIN
[ REPLAY ANALYSIS · EXTRACTED FROM THE RECORDED GAME ]
Feudal
8:56
Castle
21:54
Imperial
—
| APM avg | 59.2 |
| APM peak | 97 |
| eAPM avg | 24.6 |
| Villagers / military | 61 / 21 |
Focus
⚔️ 41.5% · 🌾 58.5%
Skirmisher ×11 · Militia ×6 · Archer ×2 · Spearman ×2
Feudal
8:31
Castle
21:52
Imperial
—
| APM avg | 48.3 |
| APM peak | 72 |
| eAPM avg | 17.2 |
| Villagers / military | 49 / 32 |
Focus
⚔️ 29.8% · 🌾 70.2%
Scout Cavalry ×10 · Archer ×7 · Skirmisher ×7 · Shrivamsha Rider ×6 · Spearman ×1 · Camel Scout ×1
Match map
Initial resources + every placement click. Lines = walls · curves = elevation contours. ◆ gold · ⬟ stone · ● berries · ✦ relic · ◌ wall gap
Your base· ✓ Closed at 21:54 · 8t walls · no gate
Goatmaster's base· Open — opponent sealed themselves in
Smoothed initial terrain · ◌ = detected wall gap · hover for details
Inputs per minute
— Ceeelebrate - - Goatmaster
Build order — Ceeelebrate
First 150 of 153 actions detected
| 0:00 | Create | Villager (Male) |
| 0:01 | Build | House |
| 0:03 | Build | House |
| 0:05 | Create | Villager (Male) |
| 0:05 | Create | Villager (Male) |
| 0:09 | Create | Villager (Male) |
| 1:20 | Create | Villager (Male) |
| 1:43 | Create | Villager (Male) |
| 1:43 | Create | Villager (Male) |
| 2:04 | Create | Villager (Male) |
| 2:04 | Create | Villager (Male) |
| 2:11 | Create | Villager (Male) |
| 2:17 | Build | Lumber Camp |
| 3:23 | Create | Villager (Male) |
| 3:23 | Create | Villager (Male) |
| 3:23 | Create | Villager (Male) |
| 3:28 | Create | Villager (Male) |
| 3:52 | Build | House |
| 4:39 | Create | Villager (Male) |
| 4:40 | Create | Villager (Male) |
| 4:50 | Create | Villager (Male) |
| 5:16 | Create | Villager (Male) |
| 5:25 | Build | Barracks |
| 6:03 | Build | Palisade Wall |
| 6:15 | Research | Loom |
| 6:25 | Build | House |
| 6:38 | Create | Militia |
| 6:40 | Create | Militia |
| 6:47 | Research | Feudal Age |
| 6:51 | Create | Militia |
| 7:04 | Build | Palisade Wall |
| 7:05 | Build | Palisade Wall |
| 7:12 | Create | Militia |
| 7:34 | Build | Mining Camp |
| 8:02 | Create | Militia |
| 8:02 | Create | Militia |
| 8:52 | Create | Villager (Male) |
| 8:56 | Age | Feudal Age |
| 9:01 | Research | Man-at-Arms (upgrade) |
| 9:15 | Build | Archery Range |
| 9:23 | Create | Villager (Male) |
| 9:24 | Create | Villager (Male) |
| 9:43 | Create | Villager (Male) |
| 10:00 | Build | Watch Tower |
| 10:01 | Create | Villager (Male) |
| 10:07 | Research | Double-Bit Axe |
| 10:10 | Build | House |
| 10:13 | Research | Town Watch |
| 10:28 | Create | Villager (Male) |
| 10:30 | Create | Spearman |
| 10:36 | Build | Palisade Wall |
| 10:49 | Create | Villager (Male) |
| 10:49 | Create | Villager (Male) |
| 11:07 | Create | Villager (Male) |
| 11:20 | Create | Villager (Male) |
| 11:29 | Create | Villager (Male) |
| 11:35 | Create | Spearman |
| 11:40 | Create | Villager (Male) |
| 11:57 | Build | Mill |
| 12:01 | Create | Skirmisher |
| 12:03 | Create | Skirmisher |
| 12:04 | Create | Villager (Male) |
| 12:23 | Create | Villager (Male) |
| 12:36 | Build | Watch Tower |
| 12:51 | Build | Palisade Wall |
| 12:52 | Build | Palisade Wall |
| 12:55 | Build | Palisade Wall |
| 12:56 | Build | Palisade Wall |
| 13:03 | Create | Villager (Male) |
| 13:22 | Build | Farm |
| 13:22 | Build | Farm |
| 13:22 | Build | Farm |
| 13:22 | Build | Farm |
| 13:23 | Build | Farm |
| 13:26 | Build | Farm |
| 13:26 | Build | Farm |
| 13:26 | Build | Farm |
| 13:56 | Create | Archer |
| 13:56 | Create | Archer |
| 14:14 | Create | Villager (Male) |
| 14:18 | Build | House |
| 14:35 | Create | Villager (Male) |
| 14:56 | Create | Villager (Male) |
| 14:59 | Build | Farm |
| 15:00 | Build | Farm |
| 15:04 | Build | Farm |
| 15:05 | Create | Villager (Male) |
| 15:05 | Create | Villager (Male) |
| 15:11 | Build | Farm |
| 15:12 | Build | Farm |
| 15:12 | Build | Farm |
| 15:14 | Create | Villager (Male) |
| 15:20 | Build | Farm |
| 15:23 | Create | Skirmisher |
| 15:34 | Build | Farm |
| 15:35 | Build | Farm |
| 15:45 | Build | Blacksmith |
| 15:48 | Create | Villager (Male) |
| 15:55 | Build | Farm |
| 16:28 | Research | Wheelbarrow |
| 16:43 | Create | Skirmisher |
| 16:43 | Create | Skirmisher |
| 16:51 | Build | House |
| 17:14 | Create | Skirmisher |
| 17:25 | Create | Skirmisher |
| 17:34 | Create | Villager (Male) |
| 18:04 | Build | Farm |
| 18:04 | Create | Villager (Male) |
| 18:18 | Create | Skirmisher |
| 18:37 | Create | Villager (Male) |
| 19:00 | Create | Skirmisher |
| 19:14 | Research | Castle Age |
| 19:27 | Research | Fletching |
| 19:54 | Build | Palisade Wall |
| 19:56 | Build | Palisade Wall |
| 20:09 | Create | Villager (Male) |
| 20:09 | Create | Villager (Male) |
| 20:32 | Create | Villager (Male) |
| 21:00 | Create | Villager (Male) |
| 21:03 | Build | Market |
| 21:07 | Create | Skirmisher |
| 21:07 | Create | Skirmisher |
| 21:26 | Research | Horse Collar |
| 21:29 | Create | Villager (Male) |
| 21:54 | Age | Castle Age |
| 22:10 | Build | Town Center |
| 22:17 | Build | Town Center |
| 22:19 | Create | Villager (Male) |
| 22:34 | Build | Outpost |
| 22:35 | Build | Outpost |
| 22:38 | Create | Villager (Male) |
| 22:53 | Build | House |
| 22:59 | Create | Villager (Male) |
| 23:05 | Build | Palisade Wall |
| 23:06 | Build | Palisade Wall |
| 23:07 | Build | Palisade Wall |
| 23:16 | Build | Palisade Wall |
| 23:17 | Build | Palisade Wall |
| 23:18 | Build | Palisade Wall |
| 23:20 | Build | Palisade Wall |
| 23:23 | Build | Palisade Wall |
| 23:27 | Build | Palisade Wall |
| 23:29 | Build | Palisade Wall |
| 23:31 | Create | Villager (Male) |
| 23:46 | Create | Villager (Male) |
| 23:52 | Create | Villager (Male) |
| 24:07 | Create | Villager (Male) |
| 24:07 | Create | Villager (Male) |
| 24:33 | Create | Villager (Male) |
| 24:33 | Create | Villager (Male) |
Build order — Goatmaster
149 actions detected in the replay
| 0:00 | Create | Villager (Male) |
| 0:01 | Build | House |
| 0:02 | Build | House |
| 0:05 | Create | Villager (Male) |
| 0:05 | Create | Villager (Male) |
| 0:10 | Create | Villager (Male) |
| 0:49 | Build | Mill |
| 1:34 | Create | Villager (Male) |
| 1:54 | Build | Palisade Wall |
| 1:56 | Build | Palisade Wall |
| 1:57 | Create | Villager (Male) |
| 2:18 | Create | Villager (Male) |
| 2:45 | Create | Villager (Male) |
| 3:16 | Create | Villager (Male) |
| 3:26 | Build | Lumber Camp |
| 3:35 | Create | Villager (Male) |
| 3:52 | Create | Villager (Male) |
| 4:19 | Build | House |
| 4:31 | Create | Villager (Male) |
| 4:55 | Create | Villager (Male) |
| 5:25 | Create | Villager (Male) |
| 5:49 | Create | Villager (Male) |
| 6:21 | Research | Feudal Age |
| 6:46 | Build | Barracks |
| 6:53 | Build | House |
| 7:34 | Create | Villager (Male) |
| 7:51 | Build | Palisade Wall |
| 8:31 | Age | Feudal Age |
| 8:32 | Build | Archery Range |
| 8:37 | Build | Palisade Wall |
| 8:39 | Research | Double-Bit Axe |
| 8:40 | Create | Villager (Male) |
| 9:05 | Create | Villager (Male) |
| 9:15 | Build | Stable |
| 9:18 | Create | Archer |
| 9:31 | Create | Villager (Male) |
| 9:37 | Build | House |
| 9:42 | Research | Loom |
| 9:49 | Create | Skirmisher |
| 9:59 | Build | Lumber Camp |
| 10:00 | Create | Scout Cavalry |
| 10:04 | Build | Lumber Camp |
| 10:08 | Build | House |
| 10:10 | Create | Villager (Male) |
| 10:27 | Create | Scout Cavalry |
| 10:29 | Create | Villager (Male) |
| 10:30 | Create | Skirmisher |
| 10:40 | Create | Spearman |
| 10:55 | Create | Scout Cavalry |
| 11:30 | Create | Villager (Male) |
| 11:31 | Create | Skirmisher |
| 11:37 | Build | Mining Camp |
| 11:52 | Create | Villager (Male) |
| 12:12 | Build | House |
| 12:14 | Build | Farm |
| 12:15 | Build | Farm |
| 12:15 | Build | Farm |
| 12:15 | Create | Villager (Male) |
| 12:29 | Build | Blacksmith |
| 12:36 | Create | Villager (Male) |
| 12:38 | Create | Skirmisher |
| 12:58 | Create | Villager (Male) |
| 13:21 | Create | Villager (Male) |
| 13:22 | Create | Archer |
| 13:37 | Research | Horse Collar |
| 13:40 | Build | House |
| 13:43 | Build | Farm |
| 13:43 | Build | Farm |
| 13:43 | Build | Farm |
| 13:43 | Build | Farm |
| 13:56 | Create | Villager (Male) |
| 13:57 | Create | Archer |
| 14:14 | Create | Scout Cavalry |
| 14:25 | Create | Archer |
| 14:27 | Create | Villager (Male) |
| 14:28 | Create | Villager (Male) |
| 14:50 | Create | Villager (Male) |
| 15:00 | Build | Mill |
| 15:02 | Build | House |
| 15:04 | Create | Archer |
| 15:11 | Create | Villager (Male) |
| 15:13 | Create | Archer |
| 15:26 | Build | Stable |
| 15:33 | Create | Villager (Male) |
| 15:36 | Research | Fletching |
| 15:37 | Create | Skirmisher |
| 15:54 | Build | House |
| 15:59 | Create | Villager (Male) |
| 16:11 | Create | Skirmisher |
| 16:23 | Create | Villager (Male) |
| 16:37 | Create | Villager (Male) |
| 16:40 | Create | Skirmisher |
| 17:02 | Create | Villager (Male) |
| 17:13 | Create | Villager (Male) |
| 17:27 | Create | Villager (Male) |
| 17:46 | Build | Market |
| 17:51 | Build | Mill |
| 18:08 | Build | House |
| 18:13 | Create | Archer |
| 18:39 | Create | Villager (Male) |
| 19:12 | Research | Castle Age |
| 19:15 | Build | House |
| 19:50 | Research | Bloodlines |
| 20:01 | Research | Scale Barding Armor |
| 20:07 | Build | Farm |
| 20:07 | Build | Farm |
| 20:07 | Build | Farm |
| 20:07 | Build | Farm |
| 20:08 | Build | Farm |
| 20:08 | Build | Farm |
| 20:35 | Create | Scout Cavalry |
| 20:39 | Build | Farm |
| 20:39 | Build | Farm |
| 20:39 | Build | Farm |
| 20:40 | Build | Farm |
| 20:40 | Build | Farm |
| 20:43 | Create | Scout Cavalry |
| 20:53 | Build | Farm |
| 20:54 | Build | Farm |
| 20:55 | Build | Farm |
| 21:07 | Create | Scout Cavalry |
| 21:07 | Create | Scout Cavalry |
| 21:28 | Build | Mill |
| 21:48 | Create | Villager (Male) |
| 21:52 | Age | Castle Age |
| 21:56 | Research | Light Cavalry (upgrade) |
| 21:56 | Create | Shrivamsha Rider |
| 22:00 | Build | Town Center |
| 22:01 | Create | Villager (Male) |
| 22:11 | Research | Bow Saw |
| 22:14 | Create | Villager (Male) |
| 22:20 | Create | Shrivamsha Rider |
| 22:26 | Create | Villager (Male) |
| 22:53 | Research | Husbandry |
| 22:53 | Create | Camel Scout |
| 23:03 | Create | Villager (Male) |
| 23:09 | Research | Forging |
| 23:29 | Create | Villager (Male) |
| 23:36 | Create | Scout Cavalry |
| 23:36 | Create | Scout Cavalry |
| 23:51 | Create | Villager (Male) |
| 24:08 | Create | Shrivamsha Rider |
| 24:08 | Create | Shrivamsha Rider |
| 24:11 | Build | House |
| 24:13 | Build | House |
| 24:14 | Create | Villager (Male) |
| 24:15 | Create | Villager (Male) |
| 24:30 | Create | Shrivamsha Rider |
| 24:30 | Create | Shrivamsha Rider |
Match timeline
| 1:54 | Goatmaster · wall_segment Palisade Wall x1 |
| 1:56 | Goatmaster · wall_segment Palisade Wall x1 |
| 5:25 | Ceeelebrate · first_building Barracks |
| 6:03 | Ceeelebrate · wall_segment Palisade Wall x1 |
| 6:46 | Goatmaster · first_building Barracks |
| 7:04 | Ceeelebrate · wall_segment Palisade Wall x1 |
| 7:05 | Ceeelebrate · wall_segment Palisade Wall x1 |
| 7:51 | Goatmaster · wall_segment Palisade Wall x1 |
| 8:31 | Goatmaster · age_up feudal |
| 8:32 | Goatmaster · first_building Archery Range |
| 8:37 | Goatmaster · wall_segment Palisade Wall x1 |
| 8:56 | Ceeelebrate · age_up feudal |
| 9:15 | Goatmaster · first_building Stable |
| 9:15 | Ceeelebrate · first_building Archery Range |
| 10:36 | Ceeelebrate · wall_segment Palisade Wall x1 |
| 12:51 | Ceeelebrate · wall_segment Palisade Wall x1 |
| 12:52 | Ceeelebrate · wall_segment Palisade Wall x1 |
| 12:55 | Ceeelebrate · wall_segment Palisade Wall x1 |
| 12:56 | Ceeelebrate · wall_segment Palisade Wall x1 |
| 18:53 | Goatmaster · first_market_sell 100 wood |
| 18:55 | Goatmaster · first_market_buy 100 food |
| 19:54 | Ceeelebrate · wall_segment Palisade Wall x1 |
| 19:56 | Ceeelebrate · wall_segment Palisade Wall x1 |
| 21:52 | Goatmaster · age_up castle |
| 21:54 | Ceeelebrate · age_up castle |
| 22:07 | Ceeelebrate · first_market_sell 100 food |
| 22:08 | Ceeelebrate · first_market_buy 100 stone |
| 23:05 | Ceeelebrate · wall_segment Palisade Wall x1 |
| 23:06 | Ceeelebrate · wall_segment Palisade Wall x1 |
| 23:07 | Ceeelebrate · wall_segment Palisade Wall x1 |
| 23:16 | Ceeelebrate · wall_segment Palisade Wall x1 |
| 23:17 | Ceeelebrate · wall_segment Palisade Wall x1 |
| 23:18 | Ceeelebrate · wall_segment Palisade Wall x1 |
| 23:20 | Ceeelebrate · wall_segment Palisade Wall x1 |
| 23:23 | Ceeelebrate · wall_segment Palisade Wall x1 |
| 23:27 | Ceeelebrate · wall_segment Palisade Wall x1 |
| 23:29 | Ceeelebrate · wall_segment Palisade Wall x1 |
| 24:43 | Ceeelebrate · resign |
[ AI ANALYSIS · 1 CREDIT ]
What really happened in this match?
Wolo.gg analyzes every decision: build order, eco, micro, common mistakes by bracket. Personalized analysis on WhatsApp or Discord in 30 seconds.
Civ guide
Britons
Perfil
Ceeelebrate